 Dungeon Crawl Stone Soup version 0.30.0-29-ga12c61a403 (webtiles) character file.

Game seed: 8726942749330977155

78 qw the Chopper (level 4, -9/28 HPs)
             Began as a Gargoyle Fighter on June 3, 2023.
             Mangled by Sigmund
             ... wielding a +0 scythe
              (10 damage)
             ... on level 2 of the Dungeon.
             The game lasted 00:00:48 (980 turns).

qw the Chopper (Gargoyle Fighter)                    Turns: 980, Time: 00:00:48

Health: -9/28      AC: 10    Str: 22    XL:     4   Next: 36%
Magic:  4/4        EV:  9    Int:  8    God:
Gold:   38         SH:  4    Dex:  9    Spells: 3/3 levels left

rFire   . . .        Y - +2 war axe
rCold   . . .        c - +0 buckler
rNeg    + . .        b - +0 scale mail
rPois   inf          (no helmet)
rElec   +            (no cloak)
rCorr   .            (no gloves)
SInv    .            (no boots)
Will    .....        (no amulet) Stlth
                     (no ring)
HPRegen 0.24/turn    (no ring)
MPRegen 0.09/turn

%: no passive effects
@: no status effects
A: sickness immunity, AC +3, negative energy resistance 1, electricity
resistance, torment resistance 1, petrification resistance
a: no special abilities


You were on level 2 of the Dungeon.
You visited 1 branch of the dungeon, and saw 2 of its levels.

You collected 38 gold pieces.


Innate Abilities, Weirdness & Mutations

You are immune to sickness and miasma.
Your stone body is resilient. (AC +3)
You are immune to poison.
You resist negative energy. (rN+)
You are resistant to electric shocks. (rElec)
You are resistant to unholy torment.
You are immune to petrification.


   Skills:
 - Level 3.2 Fighting
 + Level 4.1 Axes
 - Level 3.2 Armour
 - Level 3.2 Shields


You had 3 spell levels left.
You didn't know any spells.
Your spell library was empty.

Inventory:

Hand Weapons
 i - a +0 whip
 Y - a +2 war axe (weapon)
Armour
 b - a +0 scale mail (worn)
 c - a +0 buckler (worn)
Scrolls
 a - a scroll of teleportation {unknown}
 f - a scroll of summoning {unknown}
Potions
 d - a potion of might
 e - a potion of resistance
 h - a potion of ambrosia {unknown}

Dungeon Overview and Level Annotations

Branches:
Dungeon (2/15)

Altars:

Annotations:
D:2 Sigmund


Message History

You barely miss Sigmund.
A kobold comes into view. It is wielding a +0 whip.
Sigmund barely misses you.
You closely miss Sigmund.
The kobold drinks a potion.
The kobold suddenly seems more resistant.
Sigmund casts a spell at you.
You are confused.
Sigmund hits you with a +0 scythe. Sigmund hits you with a +0 scythe.
Sigmund gestures at you while chanting. The puff of flame hits you!
Sigmund casts a spell at you.
You are more confused.
Sigmund casts a spell at you.
The magic dart hits you but does no damage.
The kobold completely misses you. Sigmund hits you with a +0 scythe.
The kobold barely misses you. The kobold hits you but does no damage.
Sigmund points at you and mumbles some strange words.
The magic dart hits you but does no damage.
The kobold hits you but does no damage. Sigmund hits you with a +0 scythe.
The kobold hits you but does no damage. Sigmund hits you but does no damage.
The kobold hits you but does no damage.
You feel less confused. The kobold barely misses you.
You closely miss Sigmund. You slash the kobold!
You kill the kobold!
Sigmund gestures wildly while chanting.
Sigmund flickers and vanishes!
Deactivating autopickup; reactivate with Ctrl-A.
Something hits you!
You barely miss something. You barely miss something. Something hits you.
You slash something! You block something's attack.
You closely miss something. Something hits you!
You die...

#... ###### #... ##....#
#... # #####.....# #...
#.## ###.........####..
##...##.. ####..........
...#..#.###....#)..##...
......)....>######.##...
.#.{@..### #......
......###..# ###....
...## ##..# #####..... .
#..##.....###.
#.#..##### #. ... #. ..#
#. #.. ## #


There were no monsters in sight!

Vanquished Creatures
  Jessica (D:2)
  An adder (D:2)
  4 ball pythons
  4 bats (D:1)
  4 endoplasms
  3 giant cockroaches (D:1)
  8 goblins
  3 hobgoblins (D:1)
  2 quokkas
  2 frilled lizards (D:1)
  4 kobolds
  4 rats (D:1)
40 creatures vanquished.

Notes
Turn   | Place    | Note
-------+----------+-------------------------------------------
     0 | D:1      | qw the Gargoyle Fighter began the quest for the Orb.
     0 | D:1      | Reached XP level 1. HP: 14/14 MP: 1/1
     0 | D:1      | 0 ||| qw: Version: 0.2-a-103-g5a998e5
     0 | D:1      | 0 ||| qw: Game counter: 1022
     0 | D:1      | 0 ||| qw: Always use a shield: true
     0 | D:1      | 0 ||| qw: God list: Okawaru
     0 | D:1      | 0 ||| qw: Allow faded altars: false
     0 | D:1      | 0 ||| qw: Do Orc after D:15 true
     0 | D:1      | 0 ||| qw: Do second Lair branch before Depths: true
     0 | D:1      | 0 ||| qw: Lair rune preference: random
     0 | D:1      | 0 ||| qw: Plans: Normal, Zot:1-4, Slime:5, God:TSO, Crypt,
                  | Tomb, Pan, Hells, Abyss, Win
     0 | D:1      | 0 ||| PLANNING D:1-11
    15 | D:1      | 15 ||| Stepping ~*~*~tactically~*~*~ (stealth).
    19 | D:1      | Reached skill level 2 in Axes
    58 | D:1      | Reached XP level 2. HP: 19/19 MP: 2/2
   185 | D:1      | 185 ||| Stepping ~*~*~tactically~*~*~ (stealth).
   263 | D:1      | Reached skill level 3 in Axes
   311 | D:1      | Reached XP level 3. HP: 23/23 MP: 3/3
   359 | D:1      | 359 ||| Stepping ~*~*~tactically~*~*~ (hiding).
   361 | D:1      | 361 ||| Stepping ~*~*~tactically~*~*~ (hiding).
   722 | D:1      | 722 ||| READING scroll labelled OMUBUE JOCLA.
   723 | D:1      | 723 ||| READING scroll labelled HEQOB ENNAIMA.
   724 | D:1      | 724 ||| READING 2 scrolls labelled EDYSCHE BALA.
   725 | D:1      | 725 ||| READING scroll of enchant weapon.
   725 | D:1      | 725 ||| ENCHANTING +1 war axe.
   726 | D:1      | 726 ||| READING scroll labelled ULOQYC NOCZYMA.
   868 | D:2      | 868 ||| DROPPING +0 club.
   872 | D:2      | Noticed Jessica
   873 | D:2      | 873 ||| Stepping ~*~*~tactically~*~*~ (hiding).
   874 | D:2      | 874 ||| Stepping ~*~*~tactically~*~*~ (hiding).
   876 | D:2      | 876 ||| Stepping ~*~*~tactically~*~*~ (hiding).
   880 | D:2      | 880 ||| Stepping ~*~*~tactically~*~*~ (hiding).
   889 | D:2      | Killed Jessica
   890 | D:2      | Reached skill level 4 in Axes
   890 | D:2      | Reached XP level 4. HP: 23/28 MP: 4/4
   958 | D:2      | Noticed Sigmund
   976 | D:2      | HP: 4/28 [something (7)]
   978 | D:2      | HP: 1/28 [something (4)]
   980 | D:2      | Mangled by Sigmund

Levels and vault maps discovered:
D:1:      amcnicky_arrival_blooded_trapdoor, layout_loops_cross
D:2:      layout_rooms, basic_altar, minmay_tetromino_l2, uniq_jessica,
          uniq_sigmund

Skill      XL: |  1  2  3 |
---------------+----------+-----
Axes           | 2 3 4 |  4.1
Fighting       | |  3.2
Armour         | |  3.2
Shields        | |  3.2

Action                     |  1- 3 |  4- 6 || total
---------------------------+-------+-------++-------
  Melee: War axe           |   115 |     7 ||   122
    Use: Scroll            |     5 |       ||     5
 Armour: Scale mail        |    86 |     8 ||    94
  Dodge: Dodged            |    50 |     4 ||    54
  Block: Buckler           |    22 |     1 ||    23

Table legend:
 A = Non-vault XP
 B = Vault XP
 C = Vault XP percentage of total XP
 D = Non-vault monster count
 E = Vault monster count
 F = Vault count percentage of total count
                 A         B        C        D         E       F
            +---------+---------+-------+---------+---------+-------
      Total |      75 |      37 |  33.0 |      39 |       1 |   2.5
            +---------+---------+-------+---------+---------+-------
        D:1 |      48 |       0 |   0.0 |      30 |       0 |   0.0
        D:2 |      27 |      37 |  57.8 |       9 |       1 |  10.0
            +---------+---------+-------+---------+---------+-------
